 Dungeon Crawl Stone Soup version 0.22-a0-603-gfc1114d (webtiles) character file.

270 sking99 the Chopper (level 6, -5/56 HPs)
             Began as a Minotaur Fighter on July 7, 2018.
             Slain by an ogre
             ... wielding a +0 giant club
              (18 damage)
             ... on level 4 of the Dungeon.
             The game lasted 00:04:48 (2911 turns).

sking99 the Chopper (Minotaur Fighter)              Turns: 2911, Time: 00:04:49

Health: -5/56      AC:  9    Str: 26    XL:     6   Next: 1%
Magic:  5/5        EV:  7    Int:  5    God:
Gold:   251        SH: 10    Dex: 11    Spells: 5/5 levels left

rFire    . . .     SeeInvis .   a - +0 war axe
rCold    . . .     Gourm    .   c - +0 shield
rNeg     . . .     Faith    .   b - +0 scale mail
rPois    .         Spirit   .   (helmet restricted)
rElec    .         Reflect  .   q - +1 cloak
rCorr    .         Harm     .   (no gloves)
MR       .....                  (no boots)
Stlth    ..........             (no amulet)
HPRegen  0.18/turn              (no ring)
MPRegen  0.09/turn              (no ring)

@: mighty
A: retaliatory headbutt, horns 2
a: no special abilities


You were on level 4 of the Dungeon.
You were not hungry.

You visited 1 branch of the dungeon, and saw 4 of its levels.

You collected 251 gold pieces.

Inventory:

Hand Weapons
 a - a +0 war axe (weapon)
Armour
 b - a +0 scale mail (worn)
 c - a +0 shield (worn)
 q - a +1 cloak (worn)
Scrolls
 e - a scroll of fear {unknown}
 g - a scroll of amnesia {unknown}
 j - 2 scrolls of fog
 l - 3 scrolls of teleportation
 m - a scroll of identify
 r - 3 scrolls of remove curse
Potions
 d - 2 potions of might
 h - a potion of agility {unknown}
 k - 2 potions of degeneration
 n - a potion of flight
 o - a potion of resistance
 p - a potion of invisibility
Comestibles
 f - 3 rations


   Skills:
 + Level 5.4 Fighting
 * Level 6.4 Axes
 - Level 3.6 Armour
 - Level 3.6 Shields


You had 5 spell levels left.
You didn't know any spells.
Your spell library contained the following spells:

 Spells                   Type           Power        Failure   Level  Hunger
 Mephitic Cloud           Conj/Pois/Air  #.......     100%        3    ####...
 Venom Bolt               Conj/Pois      #.........   100%        5    ######.
 Olgreb's Toxic Radiance  Pois           #.......     100%        4    #####..
 Sting                    Conj/Pois      #...         99%         1    ##.....
 Poisonous Vapours        Pois/Air       #.....       100%        2    ###....


Dungeon Overview and Level Annotations

Branches:
Dungeon (4/15)
 Temple: D:4-7

Altars:
Kikubaaqudgha
Nemelex Xobeh
Qazlal
Uskayaw
Vehumet


Innate Abilities, Weirdness & Mutations

You reflexively headbutt those who attack you in melee.
You have a pair of horns on your head.


Message History

You hit the dart slug but do no damage. You block the dart slug's attack.
You hit the dart slug.
You kill the dart slug!
No target in view!
You butcher the dart slug corpse.
i - a chunk of flesh Eating a chunk of flesh.
You eat the chunk of flesh.
This raw flesh tastes terrible.
An ogre comes into view. It is wielding a giant club.
An ogre is nearby!
You feel very mighty all of a sudden. The ogre hits you with a giant club!!
You slice the ogre!!
The ogre is heavily wounded.
The ogre hits you with a giant club!!
* * * LOW HITPOINT WARNING * * *
You slash the ogre!
The ogre is almost dead.
The ogre hits you with a giant club!!
You die...

#.#.....########.
#.# #[. .....
..#####.# ##.##.#
#.# ##### ### #...
..##.# #.# #.###
#.##.## #.# #.#
##.##..# #.# #.#
#...##.####.#######
#.#
#..................
#.O.##.#.#.####...#
#######.
##@###.#.#.##......
....##.. #.#
#.#.#........)
###.##.# #.#
#.#.####..^...
#.##.# #.# #.#.#
###...# #.##.# #.#
#.#.# #..)#
#.##.#########.#
#.#.#######.##
##.##....<......#
#.#.........#.
##.#.#.###########
#.###########.
..###..# #.# #.


You could see an ogre.

Vanquished Creatures
  An orc wizard (D:2)
  An orc priest (D:2)
  An iguana (D:4)
  A howler monkey zombie (D:4)
  3 gnolls (D:3)
  4 adders
  2 oozes
  2 worms
  4 dart slugs
  9 orcs
  A giant cockroach (D:4)
  5 goblins
  3 hobgoblins
  10 jackals
  7 quokkas
  6 bats
  4 frilled lizards
  6 kobolds
  17 rats
87 creatures vanquished.

Notes
Turn   | Place    | Note
-------+----------+-------------------------------------------
     0 | D:1      | sking99 the Minotaur Fighter began the quest for the Orb.
     0 | D:1      | Reached XP level 1. HP: 19/19 MP: 0/0
   105 | D:1      | Reached skill level 3 in Axes
   152 | D:1      | Reached XP level 2. HP: 27/27 MP: 1/1
   825 | D:2      | Reached XP level 3. HP: 33/33 MP: 2/2
   867 | D:2      | Reached skill level 4 in Axes
  1018 | D:2      | Found a hide-covered altar of Uskayaw.
  1018 | D:2      | Found an ancient bone altar of Kikubaaqudgha.
  1018 | D:2      | Found a radiant altar of Vehumet.
  1495 | D:2      | Reached XP level 4. HP: 41/41 MP: 3/3
  1558 | D:2      | Reached skill level 5 in Axes
  1582 | D:2      | Found a faded altar of an unknown god.
  1647 | D:2      | Found a sparkling altar of Nemelex Xobeh.
  1647 | D:2      | Found a transporter.
  1648 | D:2      | Noticed a bullfrog
  1697 | D:3      | Reached XP level 5. HP: 47/47 MP: 4/4
  1709 | D:3      | Reached skill level 5 in Fighting
  2015 | D:3      | Reached skill level 6 in Axes
  2377 | D:4      | Found a stormy altar of Qazlal.
  2602 | D:4      | Reached XP level 6. HP: 50/56 MP: 5/5
  2911 | D:4      | Slain by an ogre

Vault maps used:
D:1:      dpeg_arrival_windows_large_door, kennysheep_pointless_box
D:2:      gammafunk_temple_overflow_claw, first_ration,
          chequers_ecumenical_altar_lobes, grunt_nemelex_the_gamble
D:3:      kennysheep_big_flooded_room
D:4:      overflow_temple_1_default, nicolae_overflow_hidden_temple

Skill      XL: |  1  2  3  4  5 |
---------------+----------------+-----
Axes           | 3 4 5 6 |  6.4
Fighting       | 4 5 |  5.4
Armour         | |  3.6
Shields        | |  3.6

Action                   |  1- 3 |  4- 6 || total
-------------------------+-------+-------++-------
Melee: War axe           |    79 |   120 ||   199
       Headbutt          |     9 |    17 ||    26
  Use: Scroll            |       |    11 ||    11
       Potion            |       |     1 ||     1
  Eat: Chunk             |     1 |     6 ||     7
Armor: Scale mail        |    28 |    43 ||    71
Dodge: Dodged            |    22 |    30 ||    52
Block: Shield            |    31 |    55 ||    86

Table legend:
 A = Spawn XP
 B = Non-spawn XP
 C = Spawn XP percentage of total XP
 D = Spawn monster count
 E = Non-spawn monster count
 F = Spawn count percentage of total count
 G = Total turns spent on level
                    A         B        C        D         E        F      G
               +---------+---------+-------+---------+---------+-------+---------
         Total |       0 |     387 |   0.0 |       0 |      87 |   0.0 |  2911
               +---------+---------+-------+---------+---------+-------+---------
           D:1 |       0 |      35 |   0.0 |       0 |      16 |   0.0 |   813
           D:2 |       0 |     160 |   0.0 |       0 |      31 |   0.0 |   877
           D:3 |       0 |     126 |   0.0 |       0 |      33 |   0.0 |   669
           D:4 |       0 |      66 |   0.0 |       0 |       7 |   0.0 |   552
               +---------+---------+-------+---------+---------+-------+---------
